 Dungeon Crawl Stone Soup version 0.21.1-1-g345015fe64 (webtiles) character file.

42 Htamos the Magician (level 3, 0/19 HPs)
             Began as a Deep Elf Conjurer on July 13, 2018.
             Slain by Terence
             ... wielding a +0 falchion
              (4 damage)
             ... on level 2 of the Dungeon.
             The game lasted 00:01:39 (1081 turns).

Htamos the Magician (Deep Elf Conjurer)             Turns: 1081, Time: 00:01:39

Health: 0/19       AC:  3    Str:  5    XL:     3   Next: 33%
Magic:  8/11       EV: 13    Int: 20    God:
Gold:   44         SH:  0    Dex: 15    Spells: 11/12 levels left

rFire    + . .     SeeInvis .   g - +0 mace (curse)
rCold    + . .     Gourm    .   (no shield)
rNeg     . . .     Faith    .   a - +1 robe
rPois    +         Spirit   .   (no helmet)
rElec    +         Reflect  .   (no cloak)
rCorr    +         Harm     .   (no gloves)
MR       .....                  (no boots)
Stlth    ++........             (no amulet)
HPRegen  0.06/turn              (no ring)
MPRegen  0.12/turn              (no ring)

@: resistant
A: no striking features
a: no special abilities


You were on level 2 of the Dungeon.
You were not hungry.

You visited 1 branch of the dungeon, and saw 2 of its levels.

You collected 44 gold pieces.

Inventory:

Hand Weapons
 g - a cursed +0 mace (weapon)
Missiles
 d - 8 stones (quivered)
 k - 40 sling bullets
 l - 11 bolts
Armour
 a - a +1 robe (worn)
Jewellery
 e - an uncursed ring of magical power {unknown}
 i - an uncursed amulet of regeneration
Scrolls
 h - a scroll of identify
Books
 b - a book of Conjurations

   Spells                             Type                      Level
   a - Magic Dart                     Conjuration                  1
   b - Searing Ray                    Conjuration                  2
   c - Dazzling Spray                 Conjuration/Hexes            3
   d - Fulminant Prism                Conjuration/Hexes            4
   e - Force Lance                    Conjuration/Translocation    4
   f - Iskenderun's Mystic Blast      Conjuration                  4
Comestibles
 c - 3 rations
 f - 5 chunks of flesh


   Skills:
 - Level 2.4 Dodging
 - Level 2.4 Stealth
 + Level 5.3 Spellcasting
 - Level 4.3 Conjurations


You had 11 spell levels left.
You knew the following spells:

 Your Spells              Type           Power        Failure   Level  Hunger
a - Magic Dart            Conj           ###.         1%          1    None


Dungeon Overview and Level Annotations

Branches:
Dungeon (2/15)

Altars:
Hepliaklqana
Xom

Annotations:
D:2 Terence


Message History

It is a scroll of identify.
i - an uncursed amulet of regeneration A rat comes into view.
Okay, then.
As you read the scroll labeled UMEMUY FAEMP, it crumbles to dust.
It is a scroll of enchant armour.
Your +0 robe glows green for a moment.
Terence completely misses you.
There is an open door here.
It was a potion of resistance.
You feel protected. Terence misses you.
Casting: Magic Dart
Confirm with . or Enter, or press ? or * to list all spells.
Aiming: Magic Dart
Press: ? - help, Shift-Dir - straight line, f/p - Terence
Aim: Terence, wielding a falchion and wearing a scale mail (moderately wounded)
The magic dart hits Terence.
Terence is heavily wounded.
Terence hits you with a falchion.
You die...

#................#
#.<..........#####
#............#
#............#
#........)...#
#............#
#............#
######..........#####
v##.'...........@@Kr#
###.#...........###.......
_...############# .......
...## ....... .._# .....$.
.### #r..... ## ....$.
#### ###### ...#


You could see Terence, a kobold and a rat.

Vanquished Creatures
  An adder (D:2)
  2 leopard geckos (D:1)
  2 giant cockroaches (D:1)
  3 goblins (D:1)
  4 hobgoblins
  4 jackals (D:1)
  5 bats (D:1)
  4 kobolds (D:1)
  3 rats
28 creatures vanquished.

Vanquished Creatures (others)
  An adder (D:2)
1 creature vanquished.

Grand Total: 29 creatures vanquished

Notes
Turn   | Place    | Note
-------+----------+-------------------------------------------
     0 | D:1      | Htamos the Deep Elf Conjurer began the quest for the Orb.
     0 | D:1      | Reached XP level 1. HP: 10/10 MP: 6/6
   107 | D:1      | Reached skill level 4 in Spellcasting
   107 | D:1      | Reached XP level 2. HP: 15/15 MP: 0/9
   774 | D:1      | Reached XP level 3. HP: 19/19 MP: 9/11
   834 | D:1      | Reached skill level 5 in Spellcasting
   985 | D:2      | Found a shimmering altar of Xom.
   986 | D:2      | Found a hazy altar of Hepliaklqana.
   986 | D:2      | Noticed an insubstantial wisp
   987 | D:2      | Noticed a spectral ugly thing
   987 | D:2      | Noticed an insubstantial wisp
  1072 | D:2      | Noticed Terence
  1081 | D:2      | Slain by Terence

Skill      XL: |  1  2  3 |
---------------+----------+-----
Spellcasting   | 4 5 |  5.3
Dodging        | |  2.4
Stealth        | |  2.4
Conjurations   | |  4.3

Action                   || total
-------------------------++-------
Melee: Mace              ||     9
 Cast: Magic Dart        ||    56
  Use: Potion            ||     2
       Scroll            ||     2
Armor: Robe              ||     3
Dodge: Dodged            ||    26
